BSA
BEECH MOUNTAIN MOUNTAINEERS @ SAN FRANCISCO BANDITS
03/27/2028
 
TOP OF THE 1ST
Beech Mountain Mountaineers batting - Pitching for San Francisco Bandits : LHP Esteban Peńa
Pitching: LHP Esteban Peńa
Batting: RHB Jesús Cruz 0-0: Ball
1-0: Foul Ball, location: 2F
1-1: Swinging Strike
1-2: Foul Ball, location: 2F
1-2: Ball
2-2: Fly out, F7 (Flyball, 7)
Batting: SHB Miguel González 0-0: Called Strike
0-1: Ball
1-1: Fly out, F8 (Line Drive, 8LXD)
Batting: LHB Chris Bates 0-0: Called Strike
0-1: Ball
1-1: Swinging Strike
1-2: Ball
2-2: Foul Ball, location: 2F
2-2: DOUBLE (Line Drive, 7LD)
Batting: SHB Juan Castro 0-0: Ball
1-0: Foul Ball, location: 2F
1-1: Ball
2-1: Foul Ball, location: 2F
2-2: Ball
Wild Pitch!
Chris Bates to third
3-2: Strikes out swinging
Top of the 1st over - 0 run(s), 1 hit(s), 0 error(s), 1 left on base; Beech Mountain 0 - San Francisco 0
BOTTOM OF THE 1ST
San Francisco Bandits batting - Pitching for Beech Mountain Mountaineers : RHP Tim Hill
Pitching: RHP Tim Hill
Batting: RHB Javier Ramírez 0-0: Foul Ball, location: 2F
0-1: TRIPLE (Flyball, 9LM)
Batting: LHB Seung-woo Yi 0-0: Called Strike
0-1: Ball
1-1: Ball
2-1: Foul Ball, location: 2F
2-2: Ball
3-2: Base on Balls
Batting: RHB Owen Carter 0-0: Called Strike
Seung-woo Yi is caught stealing 2nd base
0-1: Ball
1-1: SINGLE (Groundball, 4MD)
Javier Ramírez scores
Batting: RHB Michael Elliott 0-0: SINGLE (Line Drive, 34D)
Owen Carter to second
Batting: RHB Cory Foster 0-0: Called Strike
0-1: Ball
1-1: Ball
2-1: Fly out, F3 (Flyball, 3DF)
Batting: RHB Ramón Ruíz 0-0: Ground out 3-1 (Groundball, 34)
Bottom of the 1st over - 1 run(s), 3 hit(s), 0 error(s), 2 left on base; Beech Mountain 0 - San Francisco 1
TOP OF THE 2ND
Beech Mountain Mountaineers batting - Pitching for San Francisco Bandits : LHP Esteban Peńa
Batting: RHB António Zúńiga 0-0: Ball
1-0: Ball
2-0: Called Strike
2-1: Ground out 1-3 (Groundball, 15S)
Batting: RHB John Anderson 0-0: Ball
1-0: Foul Ball, location: 2F
1-1: Foul Ball, location: 2F
1-2: Ball
2-2: Ground out 4-3 (Groundball, 4)
Batting: LHB Pedro Gonzáles 0-0: Fly out, F8 (Flyball, 89XD)
Top of the 2nd over - 0 run(s), 0 hit(s), 0 error(s), 0 left on base; Beech Mountain 0 - San Francisco 1
BOTTOM OF THE 2ND
San Francisco Bandits batting - Pitching for Beech Mountain Mountaineers : RHP Tim Hill
Batting: RHB Gustavo Ortíz 0-0: Ball
1-0: Called Strike
1-1: Fly out, F9 (Flyball, 9LD)
Batting: RHB José Hernández 0-0: Swinging Strike
0-1: Ball
1-1: Ball
2-1: Ball
3-1: SINGLE (Flyball, 8LS)
Batting: RHB Scott Merritt 0-0: Ball
1-0: Ball
2-0: Ground out U3 (Groundball, 34S)
José Hernández to second
Batting: RHB Javier Ramírez 0-0: Ball
1-0: Ball
2-0: Foul Ball, location: 2F
2-1: Ground out 1-3 (Groundball, 13S)
Bottom of the 2nd over - 0 run(s), 1 hit(s), 0 error(s), 1 left on base; Beech Mountain 0 - San Francisco 1
TOP OF THE 3RD
Beech Mountain Mountaineers batting - Pitching for San Francisco Bandits : LHP Esteban Peńa
Batting: LHB Tommy Payne 0-0: Called Strike
0-1: Ball
1-1: Fly out, F9 (Flyball, 89D)
Batting: RHB Boyd Pittman 0-0: Swinging Strike
0-1: Foul Ball, location: 2F
0-2: Foul Ball, location: 2F
0-2: Ball
1-2: Strikes out looking
Batting: RHB Jesús Cruz 0-0: Swinging Strike
0-1: Ball
1-1: Swinging Strike
1-2: Strikes out swinging
Top of the 3rd over - 0 run(s), 0 hit(s), 0 error(s), 0 left on base; Beech Mountain 0 - San Francisco 1
BOTTOM OF THE 3RD
San Francisco Bandits batting - Pitching for Beech Mountain Mountaineers : RHP Tim Hill
Batting: LHB Seung-woo Yi 0-0: Ball
1-0: Foul Ball, location: 2F
1-1: Ball
2-1: Ball
3-1: Base on Balls
Batting: RHB Owen Carter 0-0: Ball
1-0: Called Strike
1-1: Called Strike
1-2: Foul Ball, location: 2F
1-2: SINGLE (Groundball, 4MD)
Seung-woo Yi to second
Batting: RHB Michael Elliott 0-0: Foul Ball, location: 2F
0-1: Foul Ball, location: 2F
0-2: Ball
1-2: Foul Ball, location: 2F
1-2: Foul Ball, location: 2F
1-2: SINGLE (Groundball, 56D)
Seung-woo Yi to third
Owen Carter to second
Runner from 3rd tries for Home, SAFE, throw made home
Owen Carter to third
Michael Elliott to second
Batting: RHB Cory Foster 0-0: Foul Ball, location: 2F
0-1: Foul Ball, location: 2F
0-2: Ball
1-2: Ball
2-2: Foul Ball, location: 2F
2-2: Fly out, F8 (Flyball, 8LM)
Runner from 3rd tags up, SCORES, throw made
Batting: RHB Ramón Ruíz 0-0: Ball
1-0: Foul Ball, location: 2F
1-1: Called Strike
1-2: Ball
2-2: Ball
3-2: SINGLE (Groundball, 56D)
Michael Elliott to third
Runner from 3rd tries for Home, SAFE, no throw
Batting: RHB Gustavo Ortíz 0-0: Foul Ball, location: 2F
0-1: Swinging Strike
0-2: Ball
1-2: Ball
2-2: Foul Ball, location: 2F
2-2: Foul Ball, location: 2F
2-2: Foul Ball, location: 2F
2-2: Ball
3-2: Base on Balls
Ramón Ruíz to second
Batting: RHB José Hernández 0-0: Called Strike
0-1: Ball
1-1: SINGLE (Line Drive, 6M)
Ramón Ruíz to third
Gustavo Ortíz to second
Batting: RHB Scott Merritt 0-0: Swinging Strike
0-1: Ball
1-1: Foul Ball, location: 2F
1-2: Foul Ball, location: 2F
1-2: Foul Ball, location: 2F
1-2: Ball
2-2: DOUBLE (Flyball, 78XD)
Ramón Ruíz scores
Gustavo Ortíz scores
José Hernández to third
Runner from 3rd tries for Home, SAFE, no throw
Pitching: RHP Eduardo Delgado
Batting: RHB Javier Ramírez 0-0: Ball
Scott Merritt steals 3rd base
1-0: Swinging Strike
1-1: Foul Ball, location: 2F
1-2: Foul Ball, location: 2F
1-2: Fly out, F8 (Line Drive, 8RM)
Runner from 3rd tags up, OUT at HOME
Bottom of the 3rd over - 6 run(s), 5 hit(s), 0 error(s), 0 left on base; Beech Mountain 0 - San Francisco 7
TOP OF THE 4TH
Beech Mountain Mountaineers batting - Pitching for San Francisco Bandits : LHP Esteban Peńa
Batting: SHB Miguel González 0-0: Called Strike
0-1: Foul Ball, location: 2F
0-2: Ground out 5-3 (Groundball, 5)
Batting: LHB Chris Bates 0-0: Called Strike
0-1: Foul Ball, location: 2F
0-2: Ball
1-2: Ball
2-2: Foul Ball, location: 2F
2-2: Ground out 4-3 (Groundball, 34)
Batting: SHB Juan Castro 0-0: Foul Ball, location: 2F
0-1: Ball
1-1: Ball
2-1: Fly out, F8 (Flyball, 8LXD)
Top of the 4th over - 0 run(s), 0 hit(s), 0 error(s), 0 left on base; Beech Mountain 0 - San Francisco 7
BOTTOM OF THE 4TH
San Francisco Bandits batting - Pitching for Beech Mountain Mountaineers : RHP Eduardo Delgado
Batting: LHB Seung-woo Yi 0-0: Ball
1-0: Foul Ball, location: 2F
1-1: SINGLE (Line Drive, 7S)
Batting: RHB Owen Carter 0-0: Ball
1-0: Foul Ball, location: 2F
1-1: Foul Ball, location: 2F
1-2: Foul Ball, location: 2F
1-2: Strikes out swinging
Batting: RHB Michael Elliott 0-0: Ball
1-0: Ball
2-0: Called Strike
2-1: Swinging Strike
2-2: Ball
Seung-woo Yi is caught stealing 2nd base
3-2: Fly out, F7 (Flyball, 78S)
Bottom of the 4th over - 0 run(s), 1 hit(s), 0 error(s), 0 left on base; Beech Mountain 0 - San Francisco 7
TOP OF THE 5TH
Beech Mountain Mountaineers batting - Pitching for San Francisco Bandits : LHP Esteban Peńa
Pitching: RHP Bill Long
Batting: RHB António Zúńiga 0-0: Called Strike
0-1: Ball
1-1: Swinging Strike
1-2: Foul Ball, location: 2F
1-2: Ground out 6-3 (Groundball, 6)
Batting: RHB John Anderson 0-0: Foul Ball, location: 2F
0-1: Ball
1-1: Ball
2-1: Ball
3-1: Base on Balls
Batting: LHB Pedro Gonzáles 0-0: Ball
1-0: Called Strike
1-1: Ball
2-1: Fielders Choice at 2nd, 3-6 (Groundball, 34)
Batting: LHB Tommy Payne 0-0: Called Strike
Pedro Gonzáles is caught stealing 2nd base
Top of the 5th over - 0 run(s), 0 hit(s), 0 error(s), 0 left on base; Beech Mountain 0 - San Francisco 7
BOTTOM OF THE 5TH
San Francisco Bandits batting - Pitching for Beech Mountain Mountaineers : RHP Eduardo Delgado
Batting: RHB Cory Foster 0-0: Ball
1-0: Ball
2-0: Ball
3-0: Base on Balls
Batting: RHB Ramón Ruíz 0-0: Ball
1-0: Fly out, F8 (Flyball, 8LD)
Batting: RHB Gustavo Ortíz 0-0: Ball
1-0: Ball
2-0: Foul Ball, location: 2F
2-1: Ball
3-1: Base on Balls
Cory Foster to second
Batting: RHB José Hernández 0-0: Foul Ball, location: 2F
0-1: Called Strike
0-2: Ball
1-2: Fly out, F7 (Flyball, 78D)
Batting: RHB Scott Merritt 0-0: Ball
1-0: Called Strike
1-1: Ball
2-1: Ball
Wild Pitch!
Cory Foster to third
Gustavo Ortíz to second
3-1: Fly out, F7 (Flyball, 7LSF)
Bottom of the 5th over - 0 run(s), 0 hit(s), 0 error(s), 2 left on base; Beech Mountain 0 - San Francisco 7
TOP OF THE 6TH
Beech Mountain Mountaineers batting - Pitching for San Francisco Bandits : RHP Bill Long
Batting: LHB Tommy Payne 0-0: Ball
1-0: Ball
2-0: Called Strike
2-1: Ball
3-1: Base on Balls
Batting: RHB Boyd Pittman 0-0: Foul Ball, location: 2F
0-1: Foul Ball, location: 2F
0-2: Ball
1-2: Ball
2-2: Foul Ball, location: 2F
2-2: Grounds into double play, 4-6-3 (Groundball, 4M)
Batting: RHB Jesús Cruz 0-0: Swinging Strike
0-1: Ball
1-1: Swinging Strike
1-2: Strikes out looking
Top of the 6th over - 0 run(s), 0 hit(s), 0 error(s), 0 left on base; Beech Mountain 0 - San Francisco 7
BOTTOM OF THE 6TH
San Francisco Bandits batting - Pitching for Beech Mountain Mountaineers : RHP Eduardo Delgado
Pinch Hitting: LHB Anacleto Morillo 0-0: Called Strike
0-1: Ball
1-1: Foul Ball, location: 2F
1-2: Ball
2-2: Strikes out swinging
Pinch Hitting: RHB Dale Taylor 0-0: Ground out 1-3 (Groundball, 13)
Batting: RHB Owen Carter 0-0: Foul Ball, location: 2F
0-1: Ball
1-1: Ball
2-1: Called Strike
2-2: Foul Ball, location: 2F
2-2: Fly out, F4 (Line Drive, 4)
Bottom of the 6th over - 0 run(s), 0 hit(s), 0 error(s), 0 left on base; Beech Mountain 0 - San Francisco 7
TOP OF THE 7TH
Beech Mountain Mountaineers batting - Pitching for San Francisco Bandits : RHP Mal Park
Pitching: RHP Mal Park
Now at SS: Raúl Bruno
Now in LF: Juan Mendoza
Batting: SHB Miguel González 0-0: Ball
1-0: Ground out 4-3 (Groundball, 4)
Batting: LHB Chris Bates 0-0: Ball
1-0: SINGLE (Line Drive, 34)
Batting: SHB Juan Castro 0-0: Called Strike
0-1: Ball
1-1: Ball
2-1: Swinging Strike
2-2: Ball
3-2: Base on Balls
Chris Bates to second
Batting: RHB António Zúńiga 0-0: Called Strike
0-1: Ball
1-1: Ball
2-1: DOUBLE (Groundball, 5L)
Chris Bates scores
Juan Castro to third
Batting: RHB John Anderson 0-0: Foul Ball, location: 2F
0-1: Ball
1-1: Ball
2-1: Foul Ball, location: 2F
2-2: Ground out 6-3 (Groundball, 6)
Juan Castro scores
Batting: LHB Pedro Gonzáles 0-0: Ball
1-0: Ball
2-0: Ball
3-0: Called Strike
3-1: Base on Balls
Batting: LHB Tommy Payne 0-0: Ball
1-0: Hit by Pitch
António Zúńiga to third
Pedro Gonzáles to second
Batting: RHB Boyd Pittman 0-0: Fielders Choice at 2nd, 4-6 (Groundball, 4)
Top of the 7th over - 2 run(s), 2 hit(s), 0 error(s), 2 left on base; Beech Mountain 2 - San Francisco 7
BOTTOM OF THE 7TH
San Francisco Bandits batting - Pitching for Beech Mountain Mountaineers : RHP Eduardo Delgado
Pinch Hitting: LHB Alan McGilroy 0-0: Ball
1-0: Ball
2-0: Foul Ball, location: 2F
2-1: Foul Ball, location: 2F
2-2: SINGLE (Flyball, 9LM)
Batting: LHB Francisco Calderón 0-0: Ball
1-0: Ball
2-0: Ball
3-0: Base on Balls
Alan McGilroy to second
Pinch Hitting: RHB Naomichi Aoki 0-0: Called Strike
0-1: 3-RUN HOME RUN (Flyball, 7D), Distance : 400 ft
Pitching: RHP Bret McJannett
Pinch Hitting: LHB John Foster 0-0: Foul Ball, location: 2F
0-1: Ball
1-1: Ball
2-1: Ball
3-1: Foul Ball, location: 2F
3-2: Fly out, F7 (Flyball, 78M)
Pinch Hitting: LHB Mel Jones 0-0: DOUBLE (Line Drive, 78XD)
Pinch Hitting: LHB Alberto Gómez 0-0: Ball
1-0: Ground out U3 (Groundball, 34)
Mel Jones to third
Batting: RHB Raúl Bruno 0-0: Called Strike
0-1: Ball
1-1: Ball
2-1: Foul Ball, location: 2F
2-2: Strikes out swinging
Bottom of the 7th over - 3 run(s), 3 hit(s), 0 error(s), 1 left on base; Beech Mountain 2 - San Francisco 10
TOP OF THE 8TH
Beech Mountain Mountaineers batting - Pitching for San Francisco Bandits : RHP Mal Park
Now at 1B: Alan McGilroy
Now at 2B: Alberto Gómez
Now at 3B: Jorge Díaz
Now in CF: Naomichi Aoki
Now in RF: John Foster
Pinch Hitting: LHB Lorenzo Quintanilla 0-0: Swinging Strike
0-1: Ball
1-1: Swinging Strike
1-2: Ball
2-2: Ball
3-2: Ground out 5-3 (Groundball, 5L)
Pinch Hitting: SHB Rick Turner 0-0: Ball
1-0: Called Strike
1-1: SINGLE (Flyball, 8LS)
Pinch Hitting: RHB Rafael González 0-0: Ball
1-0: Grounds into double play, 6-4-3 (Groundball, 6)
Top of the 8th over - 0 run(s), 1 hit(s), 0 error(s), 0 left on base; Beech Mountain 2 - San Francisco 10
BOTTOM OF THE 8TH
San Francisco Bandits batting - Pitching for Beech Mountain Mountaineers : RHP Bret McJannett
Now at 1B: Rick Turner
Now at 2B: Rafael González
Now in LF: Lorenzo Quintanilla
Batting: RHB Juan Mendoza 0-0: Foul Ball, location: 2F
0-1: Ball
1-1: Ball
2-1: Swinging Strike
2-2: Ball
3-2: DOUBLE (Line Drive, 8LXD)
Batting: RHB Owen Carter 0-0: Ball
1-0: Foul Ball, location: 2F
1-1: Foul Ball, location: 2F
1-2: Foul Ball, location: 2F
1-2: Ground out 1-3 (Groundball, 13S)
Juan Mendoza to third
Batting: LHB Alan McGilroy 0-0: Called Strike
0-1: Ball
1-1: Fly out, F9 (Flyball, 9S)
Batting: LHB Francisco Calderón 0-0: Swinging Strike
0-1: Ground out 5-3 (Groundball, 56)
Bottom of the 8th over - 0 run(s), 1 hit(s), 0 error(s), 1 left on base; Beech Mountain 2 - San Francisco 10
TOP OF THE 9TH
Beech Mountain Mountaineers batting - Pitching for San Francisco Bandits : RHP Mal Park
Batting: SHB Juan Castro 0-0: Ball
1-0: Ball
2-0: Swinging Strike
2-1: Called Strike
2-2: Ground out 6-3 (Groundball, 6D)
Batting: RHB António Zúńiga 0-0: Called Strike
0-1: Ground out 6-3 (Groundball, 6S)
Pinch Hitting: RHB Carlos Flores 0-0: Fly out, F4 (Popup, 4MD)
Top of the 9th over - 0 run(s), 0 hit(s), 0 error(s), 0 left on base; Beech Mountain 2 - San Francisco 10
Tuesday, August 8th, 2017 - OOTP Baseball 17.12 Build 75